 Dungeon Crawl Stone Soup version 0.28-b1-25-g9875b3fc8c (webtiles) character file.

Game seed: 14969472732205871808

147 vvl the Stinger (level 5, -1/42 HPs)
             Began as a Draconian Venom Mage on Feb 1, 2022.
             Slain by a phantom (3 damage)
             ... on level 3 of the Dungeon.
             The game lasted 00:09:39 (4902 turns).

vvl the Stinger (Draconian Venom Mage)              Turns: 4902, Time: 00:09:40

Health: -1/42      AC:  5    Str: 18    XL:     5   Next: 8%
Magic:  9/9        EV: 12    Int: 16    God:
Gold:   49         SH:  0    Dex: 11    Spells: 8/9 levels left

rFire   . . .      SeeInvis .   n - +0 lajatang
rCold   . . .      Faith    .   (shield currently unavailable)
rNeg    . . .      Spirit   .   (armour unavailable)
rPois   .          Reflect  .   (helmet restricted)
rElec   .          Harm     .   (no cloak)
rCorr   .          Rampage  .   (no gloves)
Will    .....                   (no boots)
Stlth   ++........              (no amulet)
HPRegen 0.14/turn               f - +6 ring of strength
MPRegen 0.11/turn               (no ring)

@: no status effects
A: AC +5, unfitting armour, cold-blooded
a: no special abilities


You were on level 3 of the Dungeon.
You visited 1 branch of the dungeon, and saw 4 of its levels.

You collected 120 gold pieces.
You spent 71 gold pieces at shops.

Inventory:

Hand Weapons
 n - a +0 lajatang (weapon)
Missiles
 m - 13 bolts
Jewellery
 f - a +6 ring of strength (left hand)
Scrolls
 b - a scroll of fog {unknown}
 c - a scroll of enchant weapon {unknown}
 e - 2 scrolls of teleportation {unknown}
 g - a scroll of vulnerability {unknown}
 h - 2 scrolls of enchant armour {unknown}
 i - a scroll of noise {unknown}
 j - a scroll of summoning {unknown}
 k - a scroll of immolation
 l - a scroll of brand weapon {unknown}
Potions
 d - 2 potions of flight


   Skills:
 + Level 2.3 Fighting
 - Level 2.0 Dodging
 - Level 2.0 Stealth
 + Level 2.8 Spellcasting
 + Level 1.0 Necromancy
 + Level 2.2 Transmutations
 + Level 3.7 Poison Magic


You had 8 spell levels left.
You knew the following spells:

 Your Spells              Type           Power      Damage    Failure   Level
a - Sting                 Tmut/Pois      44%        1d5       5%          1

Your spell library contained the following spells:

 Spells                   Type           Power      Damage    Failure   Level
 Poisonous Vapours        Pois/Air       16%        N/A       13%         2
 Freeze                   Ice            8%         1d3       19%         1
 Static Discharge         Conj/Air       2%         N/A       28%         2
 Mephitic Cloud           Conj/Pois/Air  6%         N/A       34%         3
 Olgreb's Toxic Radiance  Pois           14%        N/A       38%         4
 Frozen Ramparts          Ice            4%         1d2       50%         3
 Hailstorm                Conj/Ice       2%         3d3       88%         4
 Lightning Bolt           Conj/Air       1%         1d12      99%         5
 Maxwell's Capacitive Co  Air            1%         ∞         100%        8


Dungeon Overview and Level Annotations

Branches:
Dungeon (4/15)
 Temple: D:4-7

Altars:

Shops:
D:2 [   D:3 ?*[[


Innate Abilities, Weirdness & Mutations

Your plain brown scales are hard. (AC +5)
You cannot fit into any form of body armour.
You are cold-blooded and may be slowed by cold attacks.


Message History

The phantom hits you!
* * * LOW HITPOINT WARNING * * *
The phantom blinks!
You blink.
You hit the phantom.
The phantom is heavily damaged.
The phantom hits you.
* * * LOW HITPOINT WARNING * * *
You barely miss the phantom.
Your tail-slap misses the phantom.
The phantom is heavily damaged.
The phantom closely misses you. The phantom barely misses you.
You barely miss the phantom.
The phantom is heavily damaged.
The phantom barely misses you.
You hit the phantom.
The phantom is severely damaged.
The phantom closely misses you. The phantom hits you.
* * * LOW HITPOINT WARNING * * *
The phantom blinks!
You blink.
You closely miss the phantom.
The phantom is severely damaged.
The phantom hits you.
* * * LOW HITPOINT WARNING * * *
The phantom blinks!
You blink.
You closely miss the phantom.
The phantom is severely damaged.
The phantom closely misses you.
You closely miss the phantom.
The phantom is severely damaged.
The phantom barely misses you. The phantom hits you.
* * * LOW HITPOINT WARNING * * *
The phantom blinks!
You blink.
You barely miss the phantom.
The phantom is severely damaged.
The phantom hits you.
* * * LOW HITPOINT WARNING * * *
The phantom blinks!
You blink.
You closely miss the phantom. You tail-slap the phantom.
The phantom is severely damaged.
The phantom hits you.
You die...

#.# #.§# #.# #.##[.##. #.#
#..# #.# #.##..##. #.# #..#
#.######....÷... #.#####..#
#......####..##.
#........########.##.......
####.#.#§#...............##
###.#.#.#.########..#...#
#...#.#.W...........#...#
#.#.#.#.#@########..#...#
#....♣.^..# #..#...##
#...♣.♣...########..#.....
#..♣...♣........##..#...##
#.♣..∩..♣...............##
#..♣...♣................#.
##..♣.♣...########.#...<..
#...♣....########.#####..
######.#..........# #.#


You could see a phantom.

Vanquished Creatures
  Robin (D:2)
  A howler monkey skeleton (D:4)
  5 adders
  A dart slug (D:2)
  An orc (D:1)
  6 endoplasms
  3 giant cockroaches
  16 goblins
  9 hobgoblins
  3 kobolds
  4 quokkas
  10 ball pythons
  5 bats
  7 frilled lizards
  4 rats
76 creatures vanquished.

Notes
Turn   | Place    | Note
-------+----------+-------------------------------------------
     0 | D:1      | vvl the Draconian Venom Mage began the quest for the Orb.
     0 | D:1      | Reached XP level 1. HP: 14/14 MP: 3/3
   624 | D:1      | Reached XP level 2. HP: 22/22 MP: 0/5
   923 | D:1      | Reached skill level 1 in Fighting
  1686 | D:1      | Found a faded altar of an unknown god.
  1777 | D:2      | Identified the +1 helmet of Summer {rPois rC+ Int-3 SInv}
  1777 | D:2      | Noticed Robin
  1790 | D:2      | Reached XP level 3. HP: 28/28 MP: 3/6
  2468 | D:2      | Killed Robin
  2819 | D:2      | Found Qotwiann's Antique Armour Shoppe.
  3101 | D:2      | Reached XP level 4. HP: 33/36 MP: 4/7
  4009 | D:3      | Found Lyog's General Store.
  4041 | D:3      | Found Gofuhuj's Antique Armour Shoppe.
  4096 | D:3      | Bought a potion of curing for 33 gold pieces
  4096 | D:3      | Bought a scroll of immolation for 38 gold pieces
  4263 | D:3      | Found Cegeal's Magic Scroll Shoppe.
  4372 | D:3      | Found Waugguxi's Antique Armour Shop.
  4734 | D:4      | Reached XP level 5. HP: 33/42 MP: 2/9
  4808 | D:4      | Noticed a phantom
  4841 | D:4      | Reached skill level 1 in Necromancy
  4900 | D:3      | HP: 2/42 [phantom (2)]
  4902 | D:3      | Slain by a phantom

Illustrated notes

Levels and vault maps discovered:
D:1:      dpeg_arrival_arbitrary_a, layout_loops_ring,
          shapermc_ecumenical_altar_petra
D:2:      layout_basic, serial_aquarium, aquarium_bridge_square
          [aquarium_subvault_balcony, aquarium_subvault_bridge,
          aquarium_subvault_window, aquarium_subvault_bridge],
          aquarium_window_fake, aquarium_window_1, aquarium_window_corridor_3,
          aquarium_window_1, aquarium_view_2b, serial_shops, nicolae_shop_trees,
          skrybe_limestone_x, uniq_robin
D:3:      layout_loops_ring, serial_shops, nicolae_diamond_shop,
          nicolae_shop_window_shopping, nicolae_diamond_shop,
          nicolae_shop_crystal, minivault_25
D:4:      layout_loops_ring, nicolae_overflow_hidden_temple, serial_shops,
          nicolae_shop_statue_plus, minmay_close_crescents, uniq_sigmund,
          uniq_crazy_yiuf_cottage

Skill      XL: |  1  2  3  4  5 |
---------------+----------------+-----
Fighting       | 1 2 |  2.3
Dodging        | 2 |  2.0
Stealth        | 2 |  2.0
Transmutations | 2 |  2.2
Necromancy     | 1 |  1.0
Spellcasting   | |  2.8
Poison Magic   | |  3.7

Action                   |  1- 3 |  4- 6 || total
-------------------------+-------+-------++-------
Melee: Unarmed           |   113 |    71 ||   184
       Tailslap          |    19 |    14 ||    33
       Punch             |       |     1 ||     1
       Lajatang          |       |    18 ||    18
 Cast: Sting             |    71 |    49 ||   120
  Use: Potion            |       |     6 ||     6
 Stab: Sleeping          |     1 |       ||     1
Armor: Skin              |    71 |    34 ||   105
Dodge: Dodged            |   135 |    86 ||   221
